cohdb
Replays
Latest Replays
All Replays
Popular Replays
Top Player Replays
Match Explorer
How It Works
Community
CoH3 Stats
Reddit
Sign in to upload your games and track your stats! →
Sign in with Steam
Match 43228137
Unlisted
Match 43228137
Overview
Messages
Build Orders
End
Selects Italian Combined Arms Battlegroup
Selects Bersaglieri Squad
Bersaglieri Squad
Panzergrenadier Squad
Bersaglieri Squad
Bersaglieri Squad
Construct Light Support Kompanie
Selects Bersaglieri Bolster
Bersaglieri Squad
Fire Support Elements
le.IG 18 Mechanized Group
Construct Panzerarmee Kommand
Veteran Squad Leaders
Vehicle Survival Package
Selects Breda Model 30 Light Machine Guns
2.5-tonne Medical Truck
Tungsten Core Ammunition
Walking Stuka Rocket Launcher
Armored Reserves
Walking Stuka Rocket Launcher
Selects Semovente da 75/18 Assault Gun
Selects Strafing Run
Selects Artillery Cover
Emergency Repair Kits
Bobby Bolivia
XX_76_XX
893485630
suoz250rdr
HelloFriends :D
aznovo123
matrix4x4
Enocometalero
0
0
Comments
sign in to comment!
No comments posted yet!